 Dungeon Crawl Stone Soup version 0.27.1-34-g3ba077fa99 (webtiles) character file.

Game seed: 16196031496777531549

58 cbfl8 the Sneak (level 3, -4/33 HPs)
             Began as a Minotaur Delver on Jan 17, 2022.
             Splashed by a jelly's acid (8 damage)
             ... on level 5 of the Dungeon.
             The game lasted 00:00:29 (541 turns).

cbfl8 the Sneak (Minotaur Delver)                    Turns: 541, Time: 00:00:30

Health: -4/33      AC: -4    Str: 16    XL:     3   Next: 76%
Magic:  2/2        EV: 12    Int:  8    God:
Gold:   15         SH:  0    Dex: 11    Spells: 2/2 levels left

rFire    . . .     SeeInvis .   a - +0 hand axe
rCold    . . .     Faith    .   (no shield)
rNeg     . . .     Spirit   .   b - +0 leather armour
rPois    .         Reflect  .   (helmet restricted)
rElec    .         Harm     .   (no cloak)
rCorr    .         Rampage  .   (no gloves)
Will     .....                  (no boots)
Stlth    ++........             (no amulet)
HPRegen  0.11/turn              (no ring)
MPRegen  0.08/turn              (no ring)

@: corroded
A: horns 2, retaliatory headbutt
a: no special abilities


You were on level 5 of the Dungeon.
You visited 1 branch of the dungeon, and saw 1 of its levels.

You collected 15 gold pieces.

Inventory:

Hand Weapons
 a - a +0 hand axe (weapon)
Armour
 b - a +0 leather armour (worn)
Wands
 g - a wand of digging (3)
Scrolls
 c - a scroll of fog
 d - a scroll of magic mapping
 e - a scroll of fear
Potions
 f - a potion of haste


   Skills:
 + Level 4.0 Fighting
 + Level 2.9 Axes
 + Level 0.7 Armour
 + Level 2.4 Dodging
 + Level 4.8 Stealth


You had 2 spell levels left.
You didn't know any spells.
Your spell library was empty.

Dungeon Overview and Level Annotations

Branches:
Dungeon (5/15)
 Temple: D:4-7

Altars:


Innate Abilities, Weirdness & Mutations

You have a pair of horns on your head.
You reflexively headbutt those who attack you in melee.


Message History

You hit the centaur zombie.
The centaur zombie is severely damaged.
The centaur zombie closely misses you. You furiously retaliate!
You headbutt the centaur zombie.
The centaur zombie kicks you but does no damage.
The centaur zombie barely misses you. x2
Unknown command.
You hit the centaur zombie.
The centaur zombie is almost destroyed.
The centaur zombie barely misses you. You furiously retaliate!
You headbutt the centaur zombie!
You destroy the centaur zombie!
Your Fighting skill increases to level 4!
You have reached level 3!
Your experience leads to an increase in your attributes!
Increase (S)trength, (I)ntelligence, or (D)exterity?
You feel clever.
You start resting.
HP restored.
You start waiting.
Done waiting.
A jelly comes into view.
The jelly quivers.
You hit the jelly.
Your hands burn!
You headbutt the jelly.
The jelly is heavily wounded.
The jelly hits you.
You are splashed with acid!
Unknown command.
You hit the jelly but do no damage. The acid corrodes you!
Your hands burn!
You headbutt the jelly, but do no damage.
The jelly is heavily wounded.
The jelly closely misses you.
Unknown command.
You hit the jelly.
Your hands burn!
The jelly is severely wounded.
The jelly hits you.
You are splashed with acid!
* * * LOW HITPOINT WARNING * * *
The jelly hits you.
* * * LOW HITPOINT WARNING * * *
The acid corrodes you!
You are splashed with acid!
You die...

##.# ...# # ########## #..# #.
#....@J..## #..# ..5
###.#.#####...####..# ....
........# #.........#
$....#########.###...####.#######
#................................
#....#########.###...####.#######
.... #.........# ##### ...# ##.
#.######### #.#... .. #.# # .....


You could see a jelly.

Vanquished Creatures
  A centaur zombie (D:5)
  A bullfrog skeleton (D:5)
2 creatures vanquished.

Notes
Turn   | Place    | Note
-------+----------+-------------------------------------------
     0 | D:5      | cbfl8 the Minotaur Delver began the quest for the Orb.
     0 | D:5      | Reached XP level 1. HP: 19/19 MP: 0/0
    46 | D:5      | Reached XP level 2. HP: 4/27 MP: 1/1
   354 | D:5      | Reached XP level 3. HP: 25/33 MP: 2/2
   541 | D:5      | Splashed by a jelly's acid

Illustrated notes

Levels and vault maps discovered:
D:5:      layout_basic, minmay_quadrilaterals

Skill      XL: |  1  2 |
---------------+-------+-----
Fighting       | 4 |  4.0
Axes           | |  2.9
Armour         | |  0.7
Dodging        | |  2.4
Stealth        | |  4.8

Action                   || total
-------------------------++-------
Melee: Hand axe          ||    17
       Headbutt          ||     3
Armor: Leather armour    ||     8
Dodge: Dodged            ||    17
